 Dungeon Sprint DCSS version 0.24.0-37-gcf1ca852f1 (webtiles) character file.

Game seed: 4923562023130022429, levelgen mode: deterministic

4022 Groucho the Unseen (level 10, 0/44 HPs)
             Began as a Spriggan Enchanter on Nov 25, 2019.
             Was a High Priest of Dithmenos.
             Slain by a spriggan rider
             ... wielding a +2 spear of piercing
              (5 damage)
             ... in the Dungeon (Sprint IV: "Fedhas' Mad Dash").
             The game lasted 00:11:24 (2846 turns).

Groucho the Unseen (Spriggan Enchanter)             Turns: 2846, Time: 00:11:25

Health: 0/44       AC:  2    Str:  7    XL:     10   Next: 4%
Magic:  23/29      EV: 26    Int: 17    God:    Dithmenos [*****.]
Gold:   176        SH:  0    Dex: 17    Spells: 26/38 levels left

rFire    . . .     SeeInvis +   a - +1 dagger
rCold    . . .     Gourm    .   (shield restricted)
rNeg     . . .     Faith    .   b - +0 robe
rPois    .         Spirit   .   (helmet restricted)
rElec    .         Reflect  .   (no cloak)
rCorr    .         Harm     .   (gloves unavailable)
MR       +....     NoTele   +   (boots unavailable)
Stlth    +++++++++.             c - amulet of invisibility {+Inv}
HPRegen  0.14/turn              (no ring)
MPRegen  0.21/turn              (no ring)

@: very slightly contaminated, wreathed by umbra, very quick
A: very small, unfitting armour, see invisible, herbivore, speed 3, slow
metabolism 2
a: Shadow Step, Shadow Form, Renounce Religion, Evoke Invisibility


You were in the Dungeon.
You worshipped Dithmenos.
Dithmenos was extremely pleased with you.
You were not hungry.

You visited 1 branch You collected 176 gold pieces.

Inventory:

Hand Weapons
 a - a +1 dagger (weapon)
 l - a +0 rapier
Armour
 b - a +0 robe (worn)
Jewellery
 c - the amulet of invisibility (around neck) {+Inv}
   (You found it in the Dungeon)

   [amulet of nothing]

   It lets you turn invisible.
Scrolls
 f - a scroll of amnesia {unknown}
 j - a scroll of blinking
Potions
 e - a potion of curing
 g - a potion of haste
 h - 2 potions of magic
 i - a potion of berserk rage
 k - a potion of resistance {unknown}
Comestibles
 d - 3 rations


   Skills:
 + Level 7.5 Short Blades
 + Level 10.1 Dodging
 - Level 15.3 Stealth
 + Level 14.8 Spellcasting
 - Level 14.1 Hexes
 - Level 10.1 Evocations


You had 26 spell levels left.
You knew the following spells:

 Your Spells              Type           Power        Failure   Level  Hunger
a - Corona                Hex            ######.      0%          1    None
b - Ensorcelled Hibernat  Hex/Ice        #####.       1%          2    None
c - Confuse               Hex            ######..     1%          3    None
d - Dazzling Spray        Conj/Hex       #####.       1%          3    None
e - Tukima's Dance        Hex            ######..     1%          3    None

Your spell library contained the following spells:

 Spells                   Type           Power        Failure   Level  Hunger
 Inner Flame              Hex/Fire       #####...     1%          3    None
 Flame Tongue             Conj/Fire      ##...        5%          1    None
 Throw Flame              Conj/Fire      ##....       8%          2    None
 Summon Mana Viper        Hex/Summ       #####...     8%          5    ####...
 Conjure Flame            Conj/Fire      ##......     16%         3    None
 Recall                   Summ/Tloc      N/A          16%         3    None
 Sticky Flame             Conj/Fire      ##......     45%         4    None
 Aura of Abjuration       Summ           ##........   82%         5    ####...
 Fireball                 Conj/Fire      ##........   82%         5    ####...
 Summon Demon             Summ           ##........   82%         5    ####...
 Summon Forest            Summ/Tloc      ##........   82%         5    ####...
 Shadow Creatures         Summ           N/A          100%        6    #####..


Dungeon Overview and Level Annotations

Branches:
Dungeon (1/1)

Altars:
Cheibriados
Dithmenos
Elyvilon
Gozag
Hepliaklqana
Kikubaaqudgha
Makhleb
Nemelex Xobeh
Okawaru
Qazlal
Ru
Sif Muna
Trog
Uskayaw
Vehumet
Wu Jian
Xom
Yredelemnul
Zin
The Shining One
Beogh
Jiyva
Lugonu

Shops:
D ?:!*

Annotations:
D Agnes


Innate Abilities, Weirdness & Mutations

You are very small and have problems with some larger weapons.
You are too small for most types of armour.
You have supernaturally acute eyesight. (SInv)
You are a herbivore.
You cover ground extremely quickly.
You need to consume almost no food.


Message History

You see here a demonic crawler corpse.
There is an open door here.
Casting: Dazzling Spray (safe; 1% risk of failure)
Confirm with . or Enter, or press ? or * to list all spells.
Aiming: Confuse (safe; 1% risk of failure)
Press: ? - help, Shift-Dir - straight line, f/p - spriggan
Aim: a spriggan, wielding a +0 dagger and wearing a +0 robe (umbra, chance to defeat MR: 41%)
The spriggan appears confused.
The spriggan barely misses the spriggan.
The spriggan hits itself with a +0 dagger!
The spriggan rider barely misses you.
You see here a demonic crawler corpse.
You completely miss the spriggan.
The spriggan is severely wounded.
Your shadow hits the spriggan with a dagger.
The spriggan rider hits you from afar with a +2 spear of piercing!!
Ouch! That really hurt!
* * * LOW HITPOINT WARNING * * *
You emit a cloud of dark smoke.
You die...

############ _.⌠.#.([.).#
._..'..#...# +#
_...#..###'## $####
._..#..##∩∩.+ ....#
_.⌠.############ ####...∩#
#########.....[###i....♣
###.'..'.....(§§@ii..♣..∩#
##..#..#.P.....####### ###
###.##+##.P....# '...#
.♣######## ##### .. ..♣
... .i.. ####


You could see a spriggan rider and 2 spriggans.

Vanquished Creatures
  A spriggan druid (D)
  6 oklob plants (D)
  A demonic crawler (D)
  A queen bee (D)
  A wandering mushroom (D)
  2 burning bushes (D)
  A scorpion (D)
  4 killer bees (D)
  5 oklob saplings (D)
  A worker ant (D)
  2 spriggans (D)
  A river rat (D)
  A rat (D)
  A ballistomycete spore (D)
28 creatures vanquished.

Notes
Turn   | Place    | Note
-------+----------+-------------------------------------------
     0 | D        | Groucho the Spriggan Enchanter began the quest for the Orb.
     0 | D        | Reached XP level 1. HP: 9/9 MP: 5/5
     8 | D        | Reached skill level 5 in Stealth
     8 | D        | Reached XP level 2. HP: 13/13 MP: 5/7
   240 | D        | Learned a level 2 spell: Ensorcelled Hibernation
   241 | D        | Noticed an oklob sapling
   242 | D        | Killed an oklob sapling
   242 | D        | Reached skill level 7 in Stealth
   242 | D        | Reached skill level 5 in Spellcasting
   242 | D        | Reached skill level 5 in Hexes
   242 | D        | Reached XP level 3. HP: 16/16 MP: 8/10
   461 | D        | Found the amulet of invisibility {+Inv}
   462 | D        | Reached skill level 8 in Stealth
   479 | D        | Learned a level 3 spell: Confuse
   483 | D        | Learned a level 3 spell: Dazzling Spray
   487 | D        | Learned a level 3 spell: Tukima's Dance
   490 | D        | Found an opulent altar of Gozag.
   490 | D        | Found a hazy altar of Hepliaklqana.
   490 | D        | Found a burning altar of Makhleb.
   490 | D        | Found a sparkling altar of Nemelex Xobeh.
   490 | D        | Found a sacrificial altar of Ru.
   490 | D        | Found a shimmering blue altar of Sif Muna.
   490 | D        | Found an ornate altar of the Wu Jian Council.
   490 | D        | Found a shimmering altar of Xom.
   490 | D        | Found a basalt altar of Yredelemnul.
   491 | D        | Found a viscous altar of Jiyva.
   491 | D        | Found a roughly hewn altar of Beogh.
   491 | D        | Found a snail-covered altar of Cheibriados.
   491 | D        | Found a bloodstained altar of Trog.
   491 | D        | Noticed an oklob sapling priest
   492 | D        | Found an iron altar of Okawaru.
   492 | D        | Found a shadowy altar of Dithmenos.
   492 | D        | Found a glowing silver altar of Zin.
   493 | D        | Found an ancient bone altar of Kikubaaqudgha.
   493 | D        | Found a hide-covered altar of Uskayaw.
   494 | D        | Found a stormy altar of Qazlal.
   494 | D        | Found a white marble altar of Elyvilon.
   494 | D        | Found a glowing golden altar of the Shining One.
   495 | D        | Found a corrupted altar of Lugonu.
   495 | D        | Found a radiant altar of Vehumet.
   500 | D        | Became a worshipper of Dithmenos the Shadowed
   502 | D        | Killed an oklob sapling priest
   502 | D        | Reached skill level 9 in Stealth
   502 | D        | Reached XP level 4. HP: 21/21 MP: 10/13
   512 | D        | Reached XP level 5. HP: 24/24 MP: 11/15
   665 | D        | Reached * piety under Dithmenos
   665 | D        | Reached skill level 10 in Stealth
   676 | D        | Noticed a queen bee
  1302 | D        | Reached skill level 5 in Evocations
  1304 | D        | Reached skill level 11 in Stealth
  1306 | D        | Reached XP level 6. HP: 19/28 MP: 7/18
  1623 | D        | Killed a queen bee
  1623 | D        | Reached ** piety under Dithmenos
  1623 | D        | Reached skill level 12 in Stealth
  1623 | D        | Reached skill level 10 in Hexes
  1623 | D        | Reached XP level 7. HP: 32/32 MP: 12/21
  1985 | D        | Noticed an oklob plant
  2011 | D        | Killed an oklob plant
  2011 | D        | Reached skill level 13 in Stealth
  2011 | D        | Reached skill level 10 in Spellcasting
  2011 | D        | Reached skill level 10 in Evocations
  2250 | D        | Reached skill level 14 in Stealth
  2258 | D        | Reached XP level 8. HP: 24/36 MP: 14/24
  2261 | D        | Reached *** piety under Dithmenos
  2397 | D        | Found Nonahiq's Book Shop.
  2398 | D        | Found Vohaih's Magic Scroll Emporium.
  2440 | D        | Noticed a burning bush
  2443 | D        | Killed a burning bush
  2454 | D        | Noticed a burning bush
  2454 | D        | Noticed an oklob plant
  2455 | D        | Noticed a wandering mushroom
  2456 | D        | Killed a burning bush
  2456 | D        | Reached skill level 15 in Stealth
  2461 | D        | Killed an oklob plant
  2463 | D        | Reached **** piety under Dithmenos
  2465 | D        | Killed a wandering mushroom
  2465 | D        | Reached XP level 9. HP: 39/39 MP: 24/27
  2494 | D        | Noticed a spriggan druid
  2497 | D        | Killed a spriggan druid
  2513 | D        | Noticed an oklob plant conjurer
  2514 | D        | Killed an oklob plant conjurer
  2514 | D        | Reached skill level 5 in Short Blades
  2803 | D        | Noticed Agnes
  2807 | D        | Noticed an oklob plant
  2808 | D        | Noticed an oklob plant summoner
  2809 | D        | Noticed an oklob plant shifter
  2813 | D        | Killed an oklob plant
  2813 | D        | Reached ***** piety under Dithmenos
  2815 | D        | Killed an oklob plant summoner
  2818 | D        | Killed an oklob plant shifter
  2831 | D        | Noticed a demonic crawler
  2833 | D        | Killed a demonic crawler
  2833 | D        | Reached skill level 10 in Dodging
  2833 | D        | Reached XP level 10. HP: 44/44 MP: 29/29
  2835 | D        | Noticed a spriggan rider
  2836 | D        | Found Otij's Distillery.
  2837 | D        | Found Kiecez's Assorted Antiques.
  2846 | D        | Slain by a spriggan rider

Levels and vault maps discovered:
D:        dungeon_sprint_fedhas [sprint_temple]

Skill      XL: |  1  2  3  4  5  6  7  8  9 |
---------------+----------------------------+-----
Stealth        | 5 7 9 11 12 14 15 | 15.3
Spellcasting   | 3 5 6 7 8 9 11 13 14 | 14.8
Hexes          | 4 5 7 9 10 11 13 14 | 14.1
Evocations     | 3 4 6 8 10 | 10.1
Short Blades   | 2 7 |  7.5
Dodging        | 4 10 | 10.1

Action                   |  1- 3 |  4- 6 |  7- 9 | 10-12 || total
-------------------------+-------+-------+-------+-------++-------
Melee: Dagger            |     5 |    10 |    22 |     2 ||    39
 Cast: Ensorcelled Hiber |       |     7 |     2 |       ||     9
       Dazzling Spray    |       |     2 |     2 |       ||     4
       Confuse           |       |     1 |     3 |     1 ||     5
Invok: Shadow Step       |       |       |       |     1 ||     1
 Abil: Evoke Invisibilit |     1 |     1 |     3 |       ||     5
  Use: Potion            |       |       |     1 |       ||     1
 Stab: Sleeping          |     5 |     7 |    13 |       ||    25
       Invisible         |       |     1 |     3 |       ||     4
  Eat: Ration            |       |       |     1 |       ||     1
Dodge: Dodged            |       |    16 |     6 |     2 ||    24
